 Dungeon Crawl Stone Soup version 0.18-a0-1040-g4865665 (webtiles) character file.

113 Proton the Shield-Bearer (level 5, -1/42 HPs)
             Began as a Formicid Fighter on Jan 10, 2016.
             Was an Initiate of Okawaru.
             Slain by Crazy Yiuf
             ... wielding a +2 quarterstaff of chaos
              (5 damage)
             ... on level 3 of the Dungeon.
             The game lasted 00:03:51 (2093 turns).

Proton the Shield-Bearer (Formicid Fighter)         Turns: 2093, Time: 00:03:52

Health: -1/42      AC:  7    Str: 22    XL:     5   Next: 17%
Magic:  5/5        EV:  8    Int:  7    God:    Okawaru [......]
Gold:   81         SH:  9    Dex: 10    Spells: 0 memorised, 4 levels left

rFire  . . .     SeeInvis +     a - +0 long sword
rCold  . . .     Gourm    +     b - +0 scale mail
rNeg   . . .     Faith    .     c - +0 shield
rPois  .         Spirit   .     (helmet unavailable)
rElec  .         Dismiss  .     (no cloak)
rCorr  .         Reflect  .     (no gloves)
SustAt .         Harm     .     (no boots)
MR     .....                    s - amulet of the gourmand
Stlth  ..........               (no ring)
                                (no ring)

@: lethally poisoned (-1 -> -11), not resistant to hostile enchantments,
extremely unstealthy
A: permanent stasis, dig shafts and tunnels, four strong arms, antennae 3
a: Dig, Shaft Self, Renounce Religion


You were on level 3 of the Dungeon.
You worshipped Okawaru.
Okawaru was noncommittal.
You were not hungry.

You visited 1 branch of the dungeon, and saw 3 of its levels.

You collected 81 gold pieces.

Inventory:

Hand Weapons
 a - a +0 long sword (weapon)
Armour
 b - a +0 scale mail (worn)
 c - a +0 shield (worn)
Jewellery
 r - a cursed amulet of inaccuracy {unknown}
 s - an amulet of the gourmand (around neck)
Scrolls
 i - a scroll of enchant weapon {unknown}
 k - a scroll of identify {unknown}
 n - 2 scrolls of recharging {unknown}
 o - a scroll of enchant armour {unknown}
 p - a scroll of teleportation {unknown}
 q - a scroll of immolation {unknown}
Potions
 d - a potion of might
 e - 2 potions of haste {unknown}
 h - 2 potions of invisibility {unknown}
 j - 2 potions of cure mutation {unknown}
 m - 2 potions of mutation {unknown}
 t - 3 potions of curing {unknown}
Comestibles
 f - a bread ration
 g - a royal jelly
 l - a meat ration


   Skills:
 + Level 3.8 Fighting
 + Level 3.0 Long Blades
 + Level 3.8 Armour
 + Level 1.7 Dodging
 + Level 4.3 Shields


You had 4 spell levels left.
You didn't know any spells.

Dungeon Overview and Level Annotations

Branches:
Dungeon (3/15)

Altars:
Ashenzari
Dithmenos
Okawaru

Annotations:
D:3 Crazy Yiuf


Innate Abilities, Weirdness & Mutations

You are under a permanent stasis effect.
You can dig through walls and to a lower floor.
Your four strong arms can wield two-handed weapons with a shield.
You have a pair of large antennae on your head (SInv).


Message History

You are too injured to fight recklessly!
You are too injured to fight recklessly!
You are too injured to fight recklessly!
You are too injured to fight recklessly!
You are too injured to fight recklessly!
You are too injured to fight recklessly!
You are too injured to fight recklessly!
You hit Crazy Yiuf but do no damage.
Crazy Yiuf is heavily wounded.
Crazy Yiuf whimpers, "Lugonu blue foot!"
Crazy Yiuf hits you with a quarterstaff of chaos.
Space bends around you.
* * * LOW HITPOINT WARNING * * *
You slash Crazy Yiuf!
Crazy Yiuf is almost dead.
Crazy Yiuf hits you with a quarterstaff of chaos!
* * * LOW HITPOINT WARNING * * *
You are lethally poisoned!
Crazy Yiuf hits you with a quarterstaff of chaos.
You die...

### .)#
..# .. .#
##. #.#
##g# #@##
{ ##.##
#...##
#....#
#....#
####....#
{
#.......#
#########
#.##...##
#......<#
#.######


You could see Crazy Yiuf.

Vanquished Creatures
  6 adders
  An ooze (D:2)
  A worm (D:2)
  A giant gecko (D:1)
  2 orcs (D:3)
  A ball python (D:1)
  7 bats
  5 giant cockroaches
  4 goblins
  4 hobgoblins
  2 jackals (D:1)
  6 kobolds
  A giant newt (D:2)
  8 rats
49 creatures vanquished.

Notes
Turn   | Place    | Note
--------------------------------------------------------------
     0 | D:1      | Proton the Formicid Fighter began the quest for the Orb.
     0 | D:1      | Reached XP level 1. HP: 18/18 MP: 1/1
    58 | D:1      | Reached XP level 2. HP: 14/24 MP: 2/2
   165 | D:1      | Reached skill level 1 in Dodging
   288 | D:1      | Reached XP level 3. HP: 29/29 MP: 3/3
   838 | D:2      | Found an iron altar of Okawaru.
   853 | D:2      | Reached skill level 4 in Shields
   853 | D:2      | Reached XP level 4. HP: 27/35 MP: 4/4
  1038 | D:2      | Became a worshipper of Warmaster Okawaru
  1057 | D:2      | Found a shattered altar of Ashenzari.
  1094 | D:2      | Found a shadowy altar of Dithmenos.
  1566 | D:3      | Reached XP level 5. HP: 24/42 MP: 5/5
  2080 | D:3      | Noticed Crazy Yiuf
  2093 | D:3      | Slain by Crazy Yiuf

Vault maps used:
D:1:      scummos_arrival_hexagon
D:2:      grunt_dithmenos_smoke, lemuel_round_altar, okawaru_gym_becter,
          minmay_misc_feat_ornament
D:3:      uniq_crazy_yiuf_cottage, uniq_grinder

Action                   |  1- 3 |  4- 6 || total
-------------------------+-------+-------++-------
Melee: Long sword        |   118 |   135 ||   253
  Eat: Chunk             |       |     5 ||     5
